 Dungeon Crawl Stone Soup version 0.29.0-4-gdea44cf6ec (webtiles) character file.

Game seed: 12681291931047100653

65 pesado the Firebug (level 3, -1/24 HPs)
             Began as a Demonspawn Fire Elementalist on Aug 26, 2022.
             Slain by an orc
             ... wielding a +3 dagger
              (6 damage)
             ... on level 2 of the Dungeon.
             The game lasted 00:04:04 (3310 turns).

pesado the Firebug (Demonspawn Fire Elementalist)   Turns: 3310, Time: 00:04:05

Health: -1/24      AC:  3    Str:  8    XL:     3   Next: 94%
Magic:  1/6        EV: 12    Int: 18    God:
Gold:   140        SH:  0    Dex: 13    Spells: 0/6 levels left

rFire   . . .      SeeInvis .   f - +0 dagger
rCold   . . .      Faith    .   (no shield)
rNeg    . . .      Spirit   .   a - +1 robe
rPois   .          Reflect  .   (no helmet)
rElec   .          Harm     .   (no cloak)
rCorr   .          Rampage  .   (no gloves)
Will    .....                   (no boots)
Stlth   ++........              (no amulet)
HPRegen 0.08/turn               (no ring)
MPRegen 0.10/turn               (no ring)

@: no status effects
A: demonic guardian 1
a: no special abilities


You were on level 2 of the Dungeon.
You visited 1 branch of the dungeon, and saw 2 of its levels.

You collected 140 gold pieces.

Inventory:

Hand Weapons
 f - a +0 dagger (weapon)
 g - a +0 sling
Missiles
 m - 14 stones
 q - a throwing net
Armour
 a - a +1 robe (worn)
Magical Staves
 c - a staff of earth
Wands
 k - a wand of acid (12)
Scrolls
 d - a scroll of identify
 i - 2 scrolls of teleportation
Potions
 b - a potion of magic
 e - a potion of invisibility
 h - 2 potions of attraction
 l - a potion of brilliance
 n - a potion of cancellation {unknown}
 o - a potion of haste {unknown}


   Skills:
 - Level 1.7 Dodging
 - Level 1.7 Stealth
 - Level 2.0 Spellcasting
 + Level 2.3 Conjurations
 + Level 3.9 Fire Magic


You couldn't memorise any spells.
You knew the following spells:

 Your Spells              Type           Power      Damage    Failure   Level
a - Foxfire               Conj/Fire      52%        2x1d6     4%          1
b - Scorch                Fire           32%        2d6       5%          2
c - Conjure Flame         Conj/Fire      13%        6-21      16%         3

Your spell library contained the following spells:

 Spells                   Type           Power      Damage    Failure   Level
 Inner Flame              Hex/Fire       8%         N/A       24%         3
 Flame Wave               Conj/Fire      13%        2d6       45%         4


Dungeon Overview and Level Annotations

Branches:
Dungeon (2/15)

Altars:

Annotations:
D:2 1 runed translucent door, Crazy Yiuf


Innate Abilities, Weirdness & Mutations

A weak demonic guardian rushes to your aid.


Message History

Confirm with . or Enter, or press ? or * to list all spells.
You conjure some foxfire!
Your magical contamination has completely faded away.
The foxfire hits the orc but does no damage.
The foxfire hits the orc.
The orc is severely wounded.
The orc closely misses you.
Casting: Foxfire (safe; 4% risk of failure)
Confirm with . or Enter, or press ? or * to list all spells.
You conjure some foxfire!
The orc closely misses you.
The foxfire hits the orc but does no damage.
The orc is severely wounded.
The foxfire hits the orc but does no damage.
The orc is severely wounded.
The orc barely misses you. The orc hits you with a +3 dagger.
Casting: Foxfire (safe; 4% risk of failure)
Confirm with . or Enter, or press ? or * to list all spells.
You conjure some foxfire!
The orc closely misses you.
The orc hits your foxfire with a +0 hand axe.
The orc hits you with a +3 dagger.
The foxfire hits the orc but does no damage.
The orc is severely wounded.
The foxfire hits the orc but does no damage.
The orc is severely wounded.
The orc barely misses you. The orc closely misses you.
The orc hits you with a +3 dagger.
Casting: Foxfire (safe; 4% risk of failure)
Confirm with . or Enter, or press ? or * to list all spells.
You conjure some foxfire!
The orc hits you with a +0 dagger. The orc hits you with a +0 hand axe.
The orc barely misses your foxfire. The orc closely misses you.
The foxfire hits the orc but does no damage.
The orc is severely wounded.
The foxfire hits the orc.
The orc is severely wounded.
The orc hits you with a +0 dagger.
* * * LOW HITPOINT WARNING * * *
A demonic guardian appears!
The orc barely misses you. The orc barely misses your white imp.
The orc hits you with a +3 dagger.
You die...

#.######.###.# #..# #.#
##....# #..# ##.#
####.#.#####..#
##.#####.............#
.........##.#.######.#
#..########.#.#### #.#
.......####......###.#
....<.........#.ยงยง##.#
#.####.#######..@..#.#
#.# #.........ooo...#
#.# #########...5.###
#.# ##...## #(# ##.##
############.#
#.....o.o....#
#.############


You could see 3 orcs and a friendly white imp (summoned).

Vanquished Creatures
  2 adders (D:2)
  5 ball pythons
  3 bats
  2 endoplasms (D:1)
  4 giant cockroaches
  8 goblins (D:1)
  5 hobgoblins
  2 jackals (D:1)
  A quokka (D:1)
  2 kobolds
  10 rats
44 creatures vanquished.

Vanquished Creatures (collateral kills)
  2 jackals (D:2)
2 creatures vanquished.

Vanquished Creatures (others)
  126 foxfires
126 creatures vanquished.

Grand Total: 172 creatures vanquished

Notes
Turn   | Place    | Note
-------+----------+-------------------------------------------
     0 | D:1      | pesado the Demonspawn Fire Elementalist began the quest for
                  | the Orb.
     0 | D:1      | Reached XP level 1. HP: 13/13 MP: 3/3
   413 | D:1      | Reached skill level 3 in Fire Magic
   643 | D:1      | Gained mutation: A weak demonic guardian rushes to your
                  | aid. [demonic ancestry]
   643 | D:1      | Reached XP level 2. HP: 19/19 MP: 1/5
  1003 | D:1      | Learned a level 2 spell: Scorch
  1809 | D:1      | Reached XP level 3. HP: 24/24 MP: 4/6
  1813 | D:1      | Learned a level 3 spell: Conjure Flame
  2095 | D:2      | Found a runed translucent door.
  2096 | D:2      | Noticed Crazy Yiuf
  3310 | D:2      | Slain by an orc

Illustrated notes

Levels and vault maps discovered:
D:1:      minmay_arrival_split_and_join, layout_loops_corners
D:2:      layout_loops_ring, grunt_ministairs_15, uniq_natasha,
          uniq_crazy_yiuf_cottage

Skill      XL: |  1  2  3 |
---------------+----------+-----
Fire Magic     | 3 |  3.9
Conjurations   | 2 |  2.3
Dodging        | |  1.7
Stealth        | |  1.7
Spellcasting   | |  2.0

Action                   || total
-------------------------++-------
Melee: Unarmed           ||     9
       Dagger            ||    14
 Cast: Foxfire           ||    79
       Scorch            ||     5
  Use: Scroll            ||     7
Armor: Robe              ||    16
Dodge: Dodged            ||    79
